 Dungeon Crawl Stone Soup version 0.20.0-15-g7f486f2 (webtiles) character file.

531 vishdafish the Sneak (level 7, -1/41 HPs)
             Began as a Gargoyle Assassin on June 19, 2017.
             Slain by a scorpion (3 damage)
             ... on level 4 of the Dungeon.
             The game lasted 00:13:12 (4815 turns).

vishdafish the Sneak (Gargoyle Assassin)            Turns: 4815, Time: 00:13:12

Health: -1/41      AC:  7    Str: 15    XL:     7   Next: 24%
Magic:  2/2        EV: 13    Int: 16    God:
Gold:   142        SH:  0    Dex: 13    Spells: 6/6 levels left

rFire    + . .     SeeInvis .   h - +0 dagger (antimagic)
rCold    + . .     Gourm    .   (no shield)
rNeg     + . .     Faith    .   c - +0 robe
rPois    ∞         Spirit   .   (no helmet)
rElec    +         Reflect  .   p - +0 cloak
rCorr    +         Harm     .   (no gloves)
MR       .....                  (no boots)
Stlth    +++.......             (no amulet)
Regen    0.2/turn               (no ring)
MPRegen  0.1/turn               (no ring)

@: brilliant, resistant
A: negative energy resistance 1, electricity resistance, unbreathing,
petrification resistance, rot immunity, AC +4
a: no special abilities


You were on level 4 of the Dungeon.
You were not hungry.

You visited 2 branches of the dungeon, and saw 5 of its levels.

You collected 142 gold pieces.

Inventory:

Hand Weapons
 a - a +2 dagger
 b - a +0 blowgun
 h - a +0 antimagic dagger (weapon)
Missiles
 e - 8 poisoned needles
 f - 2 curare-tipped needles
Armour
 c - a +0 robe (worn)
 p - a +0 cloak (worn)
Jewellery
 l - an uncursed ring of protection from magic {unknown}
 n - a cursed ring of wizardry {unknown}
 v - a cursed ring of loudness {unknown}
Wands
 w - a wand of random effects (23/48)
 x - a wand of flame (48/48)
Scrolls
 i - 3 scrolls of remove curse {unknown}
 j - 2 scrolls of fear {unknown}
 o - a scroll of random uselessness {unknown}
 q - a scroll of enchant armour {unknown}
 r - a scroll of magic mapping {unknown}
 s - 3 scrolls of recharging
 t - a scroll of blinking {unknown}
 y - a scroll of teleportation {unknown}
 z - a scroll of identify
Potions
 d - a potion of cancellation
 k - a potion of mutation
Comestibles
 A - a meat ration


   Skills:
 + Level 3.0 Fighting
 + Level 3.9 Short Blades
 - Level 1.7 Throwing
 + Level 2.9 Dodging
 + Level 7.3 Stealth


You had 6 spell levels left.
You didn't know any spells.

Dungeon Overview and Level Annotations

Branches:
Dungeon (4/15)             Temple (1/1) D:4

Altars:
Ashenzari
Cheibriados
Dithmenos
Elyvilon
Fedhas
Gozag
Hepliaklqana
Kikubaaqudgha
Nemelex Xobeh
Qazlal
Ru
Sif Muna
Trog
Vehumet
Xom
Yredelemnul
Zin
The Shining One

Annotations:
D:3 Sigmund


Innate Abilities, Weirdness & Mutations

You are resistant to torment.
Your stone body is resilient. (AC +4)
You are immune to poison.
You resist negative energy. (rN+)
You are resistant to electric shocks. (rElec)
You can survive without breathing.
You are immune to petrification.
You are immune to rotting.


Message History

The scorpion is severely wounded.
You hit the scorpion but do no damage.
The scorpion is severely wounded.
You feel less wooden.
Your +0 cloak unmelds from your body.
Your +0 robe unmelds from your body.
The scorpion stings you.
* * * LOW HITPOINT WARNING * * *
It was a potion of resistance.
You feel protected. The scorpion barely misses you.
It was a potion of brilliance.
You feel clever all of a sudden.
The scorpion stings you but does no damage.
You barely miss the scorpion.
The scorpion is severely wounded.
The scorpion closely misses you.
You hit the scorpion but do no damage.
The scorpion is severely wounded.
The scorpion stings you.
You die...

#....#......#######.#.....#.....#
.....#.###..# #.#..##.#.##..#
#....#.#.#..#### #.#..<....#...#
..............># #.#.....###.#.#
......##.#..##.# #.#.#.........#
##..........##.####)#.#.#####.###
.........#..........#.#.....#.#
#####..####<##.######.#####.#.#
#...†.....#.Zs@.# #.# #.#.#
#.##..#####..##.# #.# #.#.#
#.#.......#..##.# #.# #.#.#
#.#.#<..#.#..##.# #.#####.#.#
#.#.....#.#..##.# #.......#.#
#.#.#...#.#..##.# #########.#
#.#.#..##.#..##.# #.....# #.#
#.#.#.....#..##.# #.###.# #.#
#.#.#.........#.# #.###.# #.#


You could see a scorpion and a centaur skeleton.

Vanquished Creatures
  An ice beast (D:3)
  2 orc wizards
  Terence (D:3)
  Ijyb (D:3)
  Natasha (thrice) (D:2)
  4 worker ants (D:4)
  A hound skeleton (D:4)
  7 adders
  2 oozes
  A worm (D:4)
  3 dart slugs
  5 leopard geckos
  7 orcs
  A ball python (D:3)
  11 bats
  5 giant cockroaches
  2 goblins
  7 hobgoblins
  9 kobolds
  6 frilled lizards
  2 rats
81 creatures vanquished.

Notes
Turn   | Place    | Note
-------+----------+-------------------------------------------
     0 | D:1      | vishdafish the Gargoyle Assassin began the quest for the Orb.
     0 | D:1      | Reached XP level 1. HP: 12/12 MP: 1/1
   162 | D:1      | Reached XP level 2. HP: 10/17 MP: 2/2
   241 | D:1      | Reached skill level 5 in Stealth
   498 | D:1      | Reached XP level 3. HP: 22/22 MP: 3/3
   929 | D:2      | Reached skill level 1 in Dodging
  1035 | D:2      | Noticed Natasha
  1036 | D:2      | Found a hazy altar of Hepliaklqana.
  1037 | D:2      | Killed Natasha
  1037 | D:2      | Reached XP level 4. HP: 24/27 MP: 4/4
  1221 | D:2      | Noticed Natasha
  1241 | D:2      | Killed Natasha
  1241 | D:2      | Reached XP level 5. HP: 9/31 MP: 5/5
  1478 | D:2      | Noticed Natasha
  1496 | D:2      | Killed Natasha
  1496 | D:2      | Reached skill level 6 in Stealth
  1781 | D:3      | Noticed an ice beast
  1799 | D:3      | Killed an ice beast
  1799 | D:3      | Reached XP level 6. HP: 36/36 MP: 6/6
  1937 | D:3      | Noticed Terence
  1939 | D:3      | Killed Terence
  1986 | D:3      | Noticed Ijyb
  1992 | D:3      | Killed Ijyb
  2329 | D:3      | Noticed Sigmund
  2653 | D:3      | HP: 1/36 [fell downstairs (1)]
  3578 | D:4      | Reached skill level 7 in Stealth
  3580 | D:4      | Found a staircase to the Ecumenical Temple.
  3622 | Temple   | Entered the Ecumenical Temple
  4158 | D:4      | Reached XP level 7. HP: 38/40 MP: 2/7
  4227 | D:4      | Found a sparkling altar of Nemelex Xobeh.
  4811 | D:4      | HP: 1/41 [scorpion (5)]
  4815 | D:4      | Slain by a scorpion

Skill      XL: |  1  2  3  4  5  6  7 |
---------------+----------------------+-----
Stealth        | 5 6 7 |  7.3
Short Blades   | 2 3 |  3.9
Dodging        | 1 2 |  2.9
Fighting       | 3 |  3.0
Throwing       | |  1.7

Action                   |  1- 3 |  4- 6 |  7- 9 || total
-------------------------+-------+-------+-------++-------
Melee: Dagger            |   106 |   201 |   166 ||   473
  Use: Potion            |       |     5 |     3 ||     8
       Scroll            |       |     3 |       ||     3
 Stab: Sleeping          |     7 |    18 |       ||    25
       Distracted        |       |     1 |       ||     1
  Eat: Bread ration      |       |     1 |       ||     1
       Meat ration       |       |     1 |     1 ||     2
       Royal jelly       |       |     1 |       ||     1
Armor: Robe              |    35 |    57 |    24 ||   116
       Skin              |       |    15 |    29 ||    44
Dodge: Dodged            |    69 |    94 |    68 ||   231
